 Dungeon Crawl Stone Soup version 0.19.5 (webtiles) character file.

38 Haldmier the Slasher (level 3, 0/24 HPs)
             Began as a High Elf Skald on Apr 16, 2017.
             Succumbed to an adder's poison
             ... on level 2 of the Dungeon.
             The game lasted 00:03:46 (1376 turns).

Haldmier the Slasher (High Elf Skald)               Turns: 1376, Time: 00:03:47

Health: 0/24       AC:  3    Str: 12    XL:     3   Next: 25%
Magic:  4/7        EV: 11    Int: 16    God:
Gold:   70         SH:  3    Dex: 14    Spells: 2 memorised, 3 levels left

rFire  . . .     SeeInvis .     a - +0 falchion
rCold  . . .     Gourm    .     b - +0 leather armour
rNeg   . . .     Faith    .     h - +0 buckler
rPois  .         Spirit   .     (no helmet)
rElec  .         Reflect  .     (no cloak)
rCorr  .         Harm     .     (no gloves)
MR     .....                    (no boots)
Stlth  +.........               (no amulet)
                                (no ring)
                                (no ring)

@: lethally poisoned (0 -> -14), infused (expiring), flying
A: no striking features
a: no special abilities


You were on level 2 of the Dungeon.
You were not hungry.

You visited 1 branch of the dungeon, and saw 2 of its levels.

You collected 70 gold pieces.

Inventory:

Hand Weapons
 a - a +0 falchion (weapon)
Missiles
 e - 40 stones (quivered)
Armour
 b - a +0 leather armour (worn)
 h - a +0 buckler (worn)
Scrolls
 i - a scroll of random uselessness {unknown}
 j - a scroll of magic mapping {unknown}
Books
 c - a book of Battle

   Spells                             Type                      Level
   a - Infusion                       Charms                       1
   b - Shroud of Golubria             Charms/Translocation         2
   c - Song of Slaying                Charms                       2
   d - Spectral Weapon                Hexes/Charms                 3
   e - Regeneration                   Charms/Necromancy            3
Comestibles
 d - 3 bread rations
 f - a chunk of flesh
 k - a meat ration


   Skills:
 - Level 2.0 Fighting
 + Level 4.1 Long Blades
 - Level 0.8 Armour
 - Level 1.1 Dodging
 + Level 0.5 Shields
 - Level 2.4 Spellcasting
 - Level 3.6 Charms
 + Level 1.0 Translocations


You had 3 spell levels left.
You knew the following spells:

 Your Spells              Type           Power        Failure   Level  Hunger
a - Infusion              Chrm           ##..         12%         1    #......
b - Shroud of Golubria    Chrm/Tloc      #.........   28%         2    ###....


Dungeon Overview and Level Annotations

Branches:
Dungeon (2/15)

Altars:


Message History

You feel sick.
The adder bites you but does no damage. x2
You take 1 damage, and have 4/24 hp.
You hit the adder.
You kill the adder!
Your Long Blades skill increases to level 4!
Your Translocations skill increases to level 1!
* * * LOW HITPOINT WARNING * * *
You feel sick.
You take 2 damage, and have 2/24 hp.
You now have 4/7 mp.
You are alive.
You are lethally poisoned (2 -> -13).
Your attacks are magically infused.
Your movement speed is average.
Your attack speed is below average.
It was a potion of flight.
You feel very buoyant.
You fly up into the air.
* * * LOW HITPOINT WARNING * * *
You feel sick.
You take 1 damage, and have 1/24 hp.
Your magical infusion is running out.
You die...

#.#########
#.....@...#
#########.#
#.# #.# #.#
#######.#
#.......#
#.#######
####.##


There were no monsters in sight!

Vanquished Creatures
  An adder (D:2)
  A dart slug (D:2)
  3 bats (D:1)
  2 giant cockroaches (D:1)
  3 goblins (D:1)
  5 hobgoblins (D:1)
  4 kobolds (D:1)
  A frilled lizard (D:1)
  4 rats (D:1)
24 creatures vanquished.

Notes
Turn   | Place    | Note
-------+----------+-------------------------------------------
     0 | D:1      | Haldmier the High Elf Skald began the quest for the Orb.
     0 | D:1      | Reached XP level 1. HP: 14/14 MP: 4/4
   271 | D:1      | Reached skill level 3 in Long Blades
   437 | D:1      | Reached XP level 2. HP: 14/19 MP: 0/6
   844 | D:1      | Learned a level 2 spell: Shroud of Golubria
  1271 | D:2      | Reached XP level 3. HP: 24/24 MP: 2/7
  1374 | D:2      | Reached skill level 4 in Long Blades
  1374 | D:2      | Reached skill level 1 in Translocations
  1375 | D:2      | HP: 1/24 [poisoned by an adder]
  1376 | D:2      | Succumbed to an adder's poison

Skill      XL: |  1  2  3 |
---------------+----------+-----
Long Blades    | 3 4 |  4.1
Translocations | 1 |  1.0
Fighting       | |  2.0
Armour         | |  0.8
Dodging        | |  1.1
Shields        | |  0.5
Spellcasting   | |  2.4
Charms         | |  3.6

Action                   || total
-------------------------++-------
Melee: Falchion          ||    63
 Cast: Infusion          ||    15
  Use: Potion            ||     1
  Eat: Chunk             ||     2
Armor: Leather armour    ||    17
Dodge: Dodged            ||    38
Block: Buckler           ||     6
       Rpst.: Falchion   ||    15
